 Dungeon Crawl Stone Soup version 0.17-a0-146-gd505748 (webtiles) character file.

25027 PolkaDot the Bewitcher (level 12, -4/87 HPs)
             Began as a Vampire Enchanter on Mar 25, 2015.
             Was an Initiate of Gozag.
             Slain by a seven-headed hydra (10 damage)
             ... on level 13 of the Dungeon.
             The game lasted 01:04:06 (17779 turns).

PolkaDot the Bewitcher (Vampire Enchanter)         Turns: 17779, Time: 01:04:06

Health: -4/87      AC:  8    Str: 16    XL:     12   Next: 85%
Magic:  4/18       EV: 15    Int: 21    God:    Gozag
Gold:   2167       SH:  6    Dex: 17    Spells: 4 memorised, 5 levels left

rFire  . . .     SeeInvis +     e - +9 dagger (freeze)
rCold  + + .     Clarity  .     b - +1 robe
rNeg   + + +     SustAb   .     u - +0 buckler
rPois  ∞         Gourm    .     g - +2 hat
rElec  .         Spirit   .     J - +0 cloak
rCorr  .         Warding  .     f - +0 pair of gloves {Dex+3}
rMut   .         Stasis   .     C - +0 pair of boots "Stredi" {Str+3}
MR     ++...                    (no amulet)
Stlth  +++++++...               K - ring of protection from magic
                                m - +6 ring of strength

@: bloodless, non-regenerating, very resistant to hostile enchantments,
extremely stealthy
A: bottle blood, fangs 3, see invisible, unbreathing
a: Bat Form, Potion Petition, Call Merchant, Bribe Branch, Renounce Religion


You were on level 13 of the Dungeon.
You worshipped Gozag.
Gozag was noncommittal.
You were bloodless.

You visited 2 branches of the dungeon, and saw 14 of its levels.

You collected 2656 gold pieces.
You spent 358 gold pieces at shops.
You paid 131 gold pieces to Gozag.

Inventory:

Hand weapons
 e - a +9 dagger of freezing (weapon)
Armour
 b - a +1 robe (worn)
 f - a +0 pair of gloves of dexterity (worn)
 g - a +2 hat (worn)
 u - a +0 buckler (worn)
 C - the +0 pair of boots "Stredi" (worn) {Str+3}
   (You found it on level 8 of the Dungeon)

   It affects your strength (+3).
 J - a +0 cloak (worn)
Jewellery
 m - a +6 ring of strength (left hand)
 I - an uncursed amulet of stasis
 K - a ring of protection from magic (right hand)
Magical devices
 A - a wand of enslavement (16)
 E - a wand of invisibility (0)
 F - a wand of disintegration (11)
Scrolls
 c - a scroll of recharging {unknown}
 d - 3 scrolls of noise {unknown}
 i - a scroll of magic mapping
 j - a scroll of random uselessness {unknown}
 k - 2 scrolls of amnesia
 p - 2 scrolls of teleportation
 r - 2 scrolls of immolation
 s - 3 scrolls of remove curse
 t - 2 scrolls of enchant weapon
 w - a scroll of identify
 y - 2 scrolls of silence
 B - 3 scrolls of fear
 G - a scroll of acquirement {unknown}
Potions
 a - a potion of cure mutation {!q}
 l - 6 potions of curing
 n - a potion of restore abilities
 q - 2 potions of resistance
 v - a potion of might
 z - 2 potions of cancellation


   Skills:
 - Level 5.7 Fighting
 - Level 13.0 Short Blades
 - Level 5.0 Dodging
 + Level 14.0 Stealth
 - Level 5.9 Shields
 - Level 2.0 Spellcasting
 * Level 17.5 Hexes
 - Level 1.0 Ice Magic


You had 5 spell levels left.
You knew the following spells:

 Your Spells              Type           Power        Failure   Level  Hunger
a - Corona                Hex            ######.      0%          1    #......
c - Confuse               Hex            ######..     1%          3    ###....
d - Ensorcelled Hibernat  Hex/Ice        #####.       1%          2    ##.....
e - Enslavement           Hex            ######..     1%          4    #####..


Dungeon Overview and Level Annotations

Branches:
Dungeon (13/15)            Temple (1/1) D:4            Lair (0/8) D:9
    Orc (0/4) D:11         Vaults (0/5) D:13

Altars:
Ashenzari
Cheibriados
Dithmenos
Elyvilon
Fedhas
Gozag
Kikubaaqudgha
Makhleb
Nemelex Xobeh
Okawaru
Qazlal
Ru
Sif Muna
Trog
Vehumet
Xom
Yredelemnul
Zin
The Shining One
Beogh

Shops:
D:4 (   D:6 (   D:11 ?

Annotations:
D:13 Rupert


Innate Abilities, Weirdness & Mutations

You do not heal naturally.
You can bottle blood from corpses.
You have razor-sharp teeth.
You have supernaturally acute eyesight.
You can survive without breathing.


Message History

* * * LOW MAGIC WARNING * * *
The seven-headed hydra is no longer moving slowly.
Casting: Confuse
Confirm with . or Enter, or press ? or * to list all spells.
Aiming: Confuse
Press: ? - help, Shift-Dir - straight line, f/p - seven-headed hydra
Aim: a seven-headed hydra (heavily wounded, chance 46%)
The seven-headed hydra resists with some effort.
* * * LOW MAGIC WARNING * * *
The seven-headed hydra bites you!
* * * LOW HITPOINT WARNING * * *
The seven-headed hydra bites you!
* * * LOW HITPOINT WARNING * * *
The seven-headed hydra bites you!
* * * LOW HITPOINT WARNING * * *
The seven-headed hydra bites you.
* * * LOW HITPOINT WARNING * * *
The seven-headed hydra bites you!
You die...
Your body crumbles into a pile of gold.

......................
.....
......................
....
#.......??.$...........
$...
#.....>.....)(..........
..
#........%..)$$.........
#.......................
#................$.......
..)...)..(...............
..)............D@........
...).....................
#...####################
#...# #...# #...# #...#
#...#########
#............


You could see a seven-headed hydra.

Vanquished Creatures
  Donald (D:13)
  Fannar (D:10)
  A centaur warrior (D:13)
  A hydra (D:13)
  A skeletal warrior (D:13)
  5 hill giants
  Pikel (D:4)
  An ugly thing (D:12)
  2 cyclopes
  Joseph (D:7)
  The ghost of BluebellGnoll the Ruffian, an experienced VSMo of Makhleb (D:6)
  A manticore (D:12)
  5 centaur skeletons
  A komodo dragon (D:9)
  A kobold demonologist (D:13)
  2 trolls
  A two-headed ogre (D:13)
  11 yaks
  2 deep elf magi
  A wyvern (D:12)
  2 hungry ghosts
  A wraith (D:10)
  15 humans
  2 vampire mosquitoes (D:12)
  A soldier ant (D:13)
  2 hippogriffs
  A water moccasin (D:10)
  2 black bears
  3 sky beasts
  2 phantoms (D:10)
  6 orc warriors
  A necrophage (D:9)
  A big kobold (D:10)
  8 centaurs
  9 ogres
  6 scorpions
  5 giant frogs
  A water moccasin zombie (D:8)
  7 killer bees
  16 wights
  4 centaur zombies
  8 crimson imps
  A wasp zombie (D:10)
  3 giant frog zombies
  A goliath beetle (D:7)
  2 giant frog skeletons
  15 orc priests
  6 hounds
  7 worker ants
  4 jellies
  17 orc wizards
  6 iguanas
  2 sheep (D:7)
  A hound zombie (D:6)
  2 hound skeletons
  2 worker ant zombies
  16 adders
  7 gnolls
  3 giant mites
  3 worms
  4 shadow imps
  An adder zombie (D:5)
  An adder skeleton (D:8)
  An ooze (D:4)
  68 orcs
  A ball python (D:7)
  18 bats
  12 goblins
  12 hobgoblins
  41 kobolds
  8 quokkas
  A ball python skeleton (D:5)
  4 giant cockroaches
  4 giant geckos
  7 giant newts
  A giant spore (D:11)
  8 jackals
  11 rats
  7 ballistomycetes
452 creatures vanquished.

Vanquished Creatures (collateral kills)
  A human (D:13)
  3 wights (D:12)
  A hound (D:10)
  An orc wizard (D:8)
  2 sheep (D:7)
  5 orcs
  A bat (D:8)
  2 giant spores
16 creatures vanquished.

Vanquished Creatures (others)
  A kobold demonologist (D:13)
  A hungry ghost (D:13)
  A black bear (D:13)
  A human (D:3)
  A centaur (D:13)
  A giant frog (D:13)
  A big kobold (D:4)
  A jelly (D:13)
  3 quasits (D:13)
  An iron imp (D:13)
  A gnoll (D:4)
  A white imp (D:13)
  An ufetubus (D:13)
  An ooze (D:4)
  A hobgoblin (D:4)
  4 giant spores
  A kobold (D:13)
  A ballistomycete (D:12)
  A plant (D:9)
24 creatures vanquished.

Grand Total: 492 creatures vanquished

Notes
Turn   | Place    | Note
--------------------------------------------------------------
     0 | D:1      | PolkaDot, the Vampire Enchanter, began the quest for the Orb.
     0 | D:1      | Reached XP level 1. HP: 13/13 MP: 3/3
   286 | D:1      | Reached skill level 5 in Hexes
   286 | D:1      | Reached XP level 2. HP: 13/19 MP: 2/4
   613 | D:1      | Learned a level 2 spell: Ensorcelled Hibernation
  1333 | D:2      | Reached XP level 3. HP: 17/24 MP: 1/6
  1409 | D:2      | Reached skill level 1 in Ice Magic
  1970 | D:2      | Reached skill level 1 in Fighting
  2164 | D:2      | Reached skill level 5 in Stealth
  2169 | D:2      | Learned a level 3 spell: Confuse
  2403 | D:2      | Reached XP level 4. HP: 32/32 MP: 4/7
  3460 | D:3      | Found a snail-covered altar of Cheibriados.
  3559 | D:3      | Found an ancient bone altar of Kikubaaqudgha.
  3560 | D:3      | Noticed a human
  3562 | D:3      | Killed a human
  3702 | D:4      | Reached skill level 6 in Hexes
  3862 | D:4      | Reached XP level 5. HP: 37/37 MP: 9/9
  3877 | D:4      | Found Moideg's Antique Weapon Boutique.
  3929 | D:5      | Entered Level 5 of the Dungeon
  3946 | D:6      | Found Celumol's Antique Weapon Shoppe.
  3947 | D:6      | Noticed a centaur
  3956 | D:6      | Killed a centaur
  3956 | D:6      | Reached XP level 6. HP: 43/47 MP: 4/10
  4038 | D:6      | Reached skill level 7 in Hexes
  4121 | D:6      | Noticed an orc warrior
  4362 | D:6      | Noticed a centaur
  4504 | D:6      | Noticed BluebellGnoll's ghost (experienced VSMo)
  4514 | D:6      | Found a glowing silver altar of Zin.
  4514 | D:6      | Found a glowing golden altar of the Shining One.
  4514 | D:6      | Found a white marble altar of Elyvilon.
  4646 | D:6      | Reached XP level 7. HP: 44/52 MP: 2/12
  4686 | D:6      | Found a burning altar of Makhleb.
  5228 | D:7      | Noticed Joseph
  5251 | D:7      | Killed Joseph
  5251 | D:7      | Reached skill level 5 in Fighting
  5466 | D:7      | Noticed a human
  6065 | D:7      | Reached skill level 8 in Hexes
  6065 | D:7      | Reached XP level 8. HP: 59/62 MP: 13/13
  6124 | D:7      | Learned a level 4 spell: Enslavement
  6555 | D:7      | Killed a human
  6555 | D:7      | Reached skill level 9 in Hexes
  6778 | D:6      | Noticed an ogre
  6785 | D:6      | Killed an ogre
  6935 | D:6      | Reached skill level 5 in Short Blades
  7030 | D:4      | Found a shimmering altar of Xom.
  7032 | D:4      | Found a staircase to the Ecumenical Temple.
  7040 | Temple   | Entered the Ecumenical Temple
  7138 | D:4      | Noticed a big kobold
  7138 | D:4      | Killed a big kobold
  7151 | D:4      | Reached skill level 10 in Hexes
  7276 | D:4      | Noticed a slave
  7277 | D:4      | Noticed a slave
  7277 | D:4      | Noticed a slave
  7278 | D:4      | Noticed a slave
  7278 | D:4      | Noticed Pikel
  7314 | D:4      | Found a sacrificial altar of Ru.
  7342 | D:4      | Reached skill level 13 in Short Blades
  7342 | D:4      | Reached XP level 9. HP: 68/68 MP: 6/14
  7462 | D:4      | Found a bloodstained altar of Trog.
  7462 | D:4      | Found an opulent altar of Gozag.
  7462 | D:4      | Found a stormy altar of Qazlal.
  7462 | D:4      | Found a shattered altar of Ashenzari.
  7470 | D:4      | Became a worshipper of Gozag Ym Sagoz the Greedy
  7521 | D:4      | Killed Pikel
  7521 | D:4      | Reached skill level 1 in Shields
  7523 | D:4      | Reached XP level 10. HP: 71/74 MP: 6/16
  8252 | D:4      | Bought a glowing dagger for 58 gold pieces
  8552 | D:5      | Noticed an ogre
  8562 | D:5      | Killed an ogre
  8615 | D:5      | Noticed a black bear
  8631 | D:5      | Killed a black bear
  9422 | D:6      | Killed a centaur
  9466 | D:6      | Killed BluebellGnoll's ghost
  9517 | D:6      | Noticed a sky beast
  9530 | D:6      | Killed a sky beast
  9917 | D:8      | Killed an orc warrior
 10024 | D:8      | Got a pair of distressingly furry boots
 10030 | D:8      | Identified the cursed +0 pair of boots "Stredi" {Str+3} (You found it on level 8 of the Dungeon)
 10359 | D:8      | Found a blossoming altar of Fedhas.
 10730 | D:8      | Found a bloodstained altar of Trog.
 11174 | D:9      | Found a staircase to the Lair.
 11334 | D:9      | Reached skill level 10 in Stealth
 11503 | D:9      | Found a shadowy altar of Dithmenos.
 11681 | D:9      | Found an iron altar of Okawaru.
 12012 | D:10     | Entered Level 10 of the Dungeon
 12228 | D:10     | Noticed Fannar
 12290 | D:10     | Killed Fannar
 12290 | D:10     | Reached XP level 11. HP: 41/80 MP: 5/17
 12582 | D:10     | Noticed a hill giant
 12586 | D:10     | Killed a hill giant
 13717 | D:10     | Reached skill level 14 in Hexes
 13920 | D:11     | Found a staircase to the Orcish Mines.
 14381 | D:11     | Found Khuennac's Magic Scroll Shop.
 14384 | D:11     | Bought a scroll of identify for 24 gold pieces
 14384 | D:11     | Bought a scroll of identify for 24 gold pieces
 14384 | D:11     | Bought a scroll of silence for 90 gold pieces
 14384 | D:11     | Bought a scroll of identify for 24 gold pieces
 14384 | D:11     | Bought a scroll of summoning for 114 gold pieces
 14384 | D:11     | Bought a scroll of identify for 24 gold pieces
 14566 | D:12     | Reached skill level 5 in Shields
 14807 | D:12     | Noticed a hill giant
 14819 | D:12     | Killed a hill giant
 15044 | D:12     | Reached skill level 15 in Hexes
 15885 | D:12     | Reached XP level 12. HP: 87/87 MP: 11/18
 16142 | D:13     | Found a gate to the Vaults.
 16142 | D:13     | Noticed Rupert
 16142 | D:13     | Noticed Donald
 16187 | D:13     | Noticed a seven-headed hydra
 16193 | D:13     | Killed a seven-headed hydra
 16223 | D:13     | Found a roughly hewn altar of Beogh.
 16437 | D:13     | Reached skill level 16 in Hexes
 16980 | D:13     | Noticed a centaur warrior
 16983 | D:13     | Killed a centaur warrior
 16992 | D:13     | Reached skill level 5 in Dodging
 17259 | D:13     | Killed Donald
 17277 | D:13     | Reached skill level 17 in Hexes
 17428 | D:13     | Got a slimy shield
 17439 | D:13     | Identified the +1 shield "Zasiahiqywk" {-Tele +Fly rF+ Str+8} (You took it off Donald on level 13 of the Dungeon)
 17769 | D:13     | Noticed a seven-headed hydra
 17779 | D:13     | Slain by a seven-headed hydra

Action                   |  1- 3 |  4- 6 |  7- 9 | 10-12 || total
-------------------------+-------+-------+-------+-------++-------
Melee: Dagger            |    96 |    95 |   191 |   662 ||  1044
 Cast: Corona            |     8 |     4 |     2 |     3 ||    17
       Ensorcelled Hiber |    17 |    38 |    41 |   129 ||   225
       Confuse           |       |     1 |     6 |    51 ||    58
       Enslavement       |       |       |     1 |    20 ||    21
 Abil: End Transformatio |       |       |       |     1 ||     1
       Bat Form          |       |       |       |     1 ||     1
Evoke: Wand              |       |       |       |     3 ||     3
  Use: Scroll            |       |     7 |     3 |    19 ||    29
       Potion            |       |     1 |     4 |    12 ||    17
 Stab: Sleeping          |    20 |    34 |    32 |   137 ||   223
       Confused          |       |     1 |     3 |    24 ||    28
       Betrayed ally     |       |       |     1 |     3 ||     4
       Invisible         |       |       |       |    12 ||    12
       Distracted        |       |       |       |    11 ||    11
  Eat: Corpse            |       |     1 |     1 |       ||     2
